 Dungeon Crawl Stone Soup version 0.31-a0-536-ga3e2962e35 (webtiles) character file.

Game seed: 11194544970000903977

1 Ethylacetat the Ducker (level 1, 0/14 HPs)
             Began as an Octopode Gladiator on Aug 13, 2023.
             Slain by a jackal (3 damage)
             ... on level 1 of the Dungeon.
             The game lasted 00:00:16 (34 turns).

Ethylacetat the Ducker (Octopode Gladiator)           Turns: 34, Time: 00:00:17

Health: 0/14       AC:  1    Str: 13    XL:     1   Next: 20%
Magic:  1/1        EV: 13    Int: 10    God:
Gold:   0          SH:  0    Dex: 13    Spells: 0/0 levels left

rFire   . . .        a - +0 long sword
rCold   . . .        (no shield)
rNeg    . . .        b - +0 hat
rPois   .            (no amulet)
rElec   .            (no ring)
rCorr   .            (no ring)
SInv    .            (no ring)
Will    .....        (no ring)
Stlth   ++           (no ring)
HPRegen 0.22/turn    (no ring)
MPRegen 0.07/turn    (no ring)
                     (no ring)

%: no passive effects
@: no status effects
A: almost no armour, amphibious, 8 rings, camouflage 1, gelatinous body 1,
(nimble swimmer 1), tentacles
a: no special abilities


You were on level 1 of the Dungeon.
You visited 1 branch of the dungeon, and saw 1 of its levels.

Inventory:

Hand Weapons
 a - a +0 long sword (weapon)
Missiles
 c - 3 throwing nets (quivered)
 d - a javelin
Armour
 b - a +0 hat (worn)


   Skills:
 + Level 2.0 Fighting
 + Level 3.0 Long Blades
 - Level 2.0 Throwing
 + Level 3.0 Dodging
 + Level 0.2 Stealth


You couldn't memorise any spells.
You didn't know any spells.
Your spell library was empty.

Dungeon Overview and Level Annotations

Branches:
Dungeon (1/15)

Altars:


Innate Abilities, Weirdness & Mutations

You cannot wear most types of armour.
You are amphibious.
You can wear up to eight rings at the same time.
Your skin changes colour to match your surroundings (Stealth+).
Your rubbery body absorbs attacks. (AC +1, EV +1)
((You are camouflaged when in or above water. (Stealth+)))
You have tentacles for arms and can constrict up to eight enemies at once.


Message History

The jackal bites you.
The jackal bites you but does no damage.
The jackal misses you. The jackal barely misses you.
You barely miss the jackal. Your grab misses the jackal.
Your squeeze misses the jackal. The jackal barely misses you.
A jackal comes into view.
You barely miss the jackal.
The jackal barks!
You grab the jackal. You constrict the jackal.
A jackal comes into view.
The jackal bites you but does no damage.
The jackal bites you. The jackal barely misses you.
The jackal closely misses you. The jackal misses you. The jackal bites you.
You closely miss the jackal.
The jackal barks!
You grab the jackal.
You tentacle-slap the jackal, but do no damage.
You constrict the jackal.
You constrict the jackal, but do no damage.
You hear a shout!
A jackal comes into view.
The jackal barely misses you. The jackal closely misses you.
The jackal misses you. The jackal bites you. The jackal barely misses you.
The jackal bites you. The jackal barely misses you. The jackal misses you.
The jackal barks!
You hit the jackal.
The jackal is lightly wounded.
You constrict the jackal, but do no damage. x2
The jackal barely misses you. x2; The jackal bites you.
The jackal barely misses you.
The jackal bites you but does no damage.
You hit the jackal.
You squeeze the jackal, but do no damage.
The jackal is heavily wounded.
You constrict the jackal.
You kill the jackal!
You constrict the jackal. The jackal bites you.
* * * LOW HITPOINT WARNING * * *
The jackal closely misses you. The jackal misses you. The jackal bites you.
You die...

...............#
#.8.......8.###
####.8.8.####
#######.########
#............... #
#######......#####
#. ....)........#
..##..#####.#......#
.....hh@h..........#
.....hhh###........#
#....##.. #.##.....#
#... ..#...##.....#
#.. ................
## ..♣♣♣...##.......
..♣ #♣..# .......
#.. ♣.## .>..


You could see 6 jackals.

Vanquished Creatures
  2 jackals (D:1)
2 creatures vanquished.

Notes
Turn   | Place    | Note
-------+----------+-------------------------------------------
     0 | D:1      | Ethylacetat the Octopode Gladiator began the quest for the
                  | Orb.
     0 | D:1      | Reached XP level 1. HP: 14/14 MP: 1/1
     6 | D:1      | Noticed a hound
     6 | D:1      | Noticed a seven-headed hydra
     6 | D:1      | Noticed a lindwurm
     7 | D:1      | Noticed a black mamba
     7 | D:1      | Noticed a black bear
    34 | D:1      | Slain by a jackal

Illustrated notes

Levels and vault maps discovered:
D:1:      onia_arrival_zoo_common, layout_basic, minmay_stone_trees_small

Action                     || total
---------------------------++-------
  Melee: Long sword        ||     6
         Constrict         ||     3
         Punch             ||     1
         Tentacles         ||     1
 Armour: Skin              ||     4
  Dodge: Dodged            ||    18

Table legend: (Time is in decaauts)
 A = Elapsed time spent in this place.
 B = Non-inter-level travel time spent in this place.
 C = Inter-level travel time spent in this place.
 D = Time resting spent in this place.
 E = Time spent auto-exploring this place.
 F = Levels seen in this place.
 G = Mean time per level.
                   A        B        C        D        E       F      G
               +--------+--------+--------+--------+--------+-----+--------+
         Total |     35 |     35 |      0 |      0 |     20 |   1 |   35.0 |
       Dungeon |     35 |     35 |      0 |      0 |     20 |   1 |   35.0 |
               +--------+--------+--------+--------+--------+-----+--------+

Top non-repeatable levels by time:
     D:1: 35 daAuts
